 Dungeon Crawl Stone Soup version 0.18.1-5-g4a78601 (webtiles) character file.

25 oplop the Insei (level 3, 0/23 HPs)
             Began as an Octopode Transmuter on May 9, 2016.
             Slain by a kobold (4 damage)
             ... on level 2 of the Dungeon.
             The game lasted 00:01:24 (1051 turns).

oplop the Insei (Octopode Transmuter)               Turns: 1051, Time: 00:01:29

Health: 0/23       AC:  1    Str:  9    XL:     3   Next: 6%
Magic:  2/6        EV: 12    Int: 16    God:
Gold:   103        SH:  0    Dex: 12    Spells: 2 memorised, 3 levels left

rFire  . . .     SeeInvis .       - Unarmed
rCold  . . .     Gourm    .     (no shield)
rNeg   . . .     Faith    .     (helmet restricted)
rPois  .         Spirit   .     (no amulet)
rElec  .         Dismiss  .     (no ring)
rCorr  .         Reflect  .     (no ring)
SustAt .         Harm     .     (no ring)
MR     .....                    (no ring)
Stlth  ++........               (no ring)
                                (no ring)
                                (no ring)
                                (no ring)

@: appendage (expiring), not resistant to hostile enchantments, unstealthy
A: almost no armour, amphibious, 8 rings, constrict 8, tentacle spike 3,
camouflage 1, gelatinous body 1
a: End Transformation


You were on level 2 of the Dungeon.
You were hungry.
One of your tentacles had a temporary spike.
You visited 1 branch of the dungeon, and saw 2 of its levels.

You collected 103 gold pieces.

Inventory:

Missiles
 a - 11 arrows
Armour
 d - a +2 buckler
Scrolls
 f - a scroll of enchant armour {unknown}
 g - 3 scrolls of remove curse {unknown}
 h - 2 scrolls of identify {unknown}
Potions
 e - a potion of beneficial mutation {unknown}
Books
 b - a book of Changes

   Spells                             Type                      Level
   a - Beastly Appendage              Transmutation                1
   b - Sticks to Snakes               Transmutation                2
   c - Spider Form                    Transmutation/Poison         3
   d - Ice Form                       Ice/Transmutation            4
   e - Blade Hands                    Transmutation                5
Comestibles
 c - a bread ration


   Skills:
 + Level 1.6 Fighting
 + Level 2.2 Dodging
 + Level 3.2 Unarmed Combat
 + Level 2.2 Spellcasting
 * Level 2.4 Transmutations


You had 3 spell levels left.
You knew the following spells:

 Your Spells              Type           Power        Failure   Level  Hunger
a - Beastly Appendage     Trmt           #.....       10%         1    #......
b - Sticks to Snakes      Trmt           #.......     12%         2    ###....


Dungeon Overview and Level Annotations

Branches:
Dungeon (2/15)

Altars:


Innate Abilities, Weirdness & Mutations

You cannot wear most types of armour.
You are amphibious.
You can wear up to eight rings at the same time.
You can use your tentacles to constrict eight enemies at once.
Your skin changes colour to match your surroundings (Stealth).
Your rubbery body absorbs attacks (AC +1).
One of your tentacles bears a large vicious spike.


Message History

You tentacle-slap the goblin.
You kill the goblin!
The kobold closely misses you. x2; The rat closely misses you.
You tentacle-slap the rat.
You kill the rat!
An adder comes into view.
Unknown command.
You miss the kobold. You grab the kobold.
You pierce the kobold, but do no damage.
Your transformation is almost over.
You constrict the kobold. The kobold hits you with a dagger.
The kobold hits you.
Unknown command.
Casting: Beastly Appendage
Confirm with . or Enter, or press ? or * to list all spells.
You create a snake!
You now have 11 arrows.
You constrict the kobold. The kobold hits you with a dagger.
* * * LOW HITPOINT WARNING * * *
The kobold hits you.
You die...

..... .....
....
.##..... ...
.!..... #..
##.#..# S.
.....# .# #.
#.#..##)####
#.
#.#.S.@K...#
#.
#....)#K##.#
#. ###...#.#
#.####.###..
#......# ###
##.....#
##.###.#
#..# #.#
##.###.#


You could see an adder, 2 kobolds and a friendly ball python.

Vanquished Creatures
  3 dart slugs (D:1)
  2 goblins
  A hobgoblin (D:1)
  2 ball pythons (D:1)
  3 bats
  3 kobolds
  7 rats
21 creatures vanquished.

Notes
Turn   | Place    | Note
--------------------------------------------------------------
     0 | D:1      | oplop the Octopode Transmuter began the quest for the Orb.
     0 | D:1      | Reached XP level 1. HP: 13/13 MP: 3/3
   192 | D:1      | Reached XP level 2. HP: 18/18 MP: 3/5
   832 | D:2      | Learned a level 2 spell: Sticks to Snakes
  1045 | D:2      | Reached XP level 3. HP: 21/23 MP: 4/6
  1051 | D:2      | Slain by a kobold

Action                   || total
-------------------------++-------
Melee: Unarmed           ||    39
       Tentacles         ||     8
       Constrict         ||    10
       Kick              ||     5
 Cast: Beastly Appendage ||    12
       Sticks to Snakes  ||     1
 Stab: Sleeping          ||     2
Armor: Skin              ||     2
Dodge: Dodged            ||    23
